General information
- name: BNet
- type: Ladder team game (AT/RT)
- host: Battle.net
- saver: RndMndRebnd
map: Mur'gulOasis
- players: 8
- length: 57:08
- speed: Fast
- version: 1.28 W3XP
- replay type: Public
» download(438 KB)
Players
team 1 (winner)
giausJ (
purple | 31 APM | 1153 actions | 37:33)
6 Death Knight
3 Death Coil
3 Unholy Aura
» actions
| Basic commands | 19 | |
| Build / train | 49 | |
| Enter build submenu | 11 | |
| Enter hero's abilities submenu | 6 | |
| Right click | 865 | |
| Select / deselect | 167 | |
| Use ability | 36 | |
1153 total
» units
| Acolyte | 5 | |
| Ghoul | 10 | |
| Makrura Snapper | 1 | |
| Mur'gul Snarecaster | 1 | |
| Gargoyle | 12 | |
29 total
» upgrades
| Creature Attack | 3 | |
| Stone Form | 1 | |
| Creature Carapace | 1 | |
5 total
» buildings
| Ziggurat | 5 | |
| Altar of Darkness | 1 | |
| Crypt | 2 | |
| Graveyard | 1 | |
| Halls of the Dead | 1 | |
| Spirit Tower | 3 | |
| Nerubian Tower | 2 | |
| Sacrificial Pit | 1 | |
| Black Citadel | 1 | |
17 total
» build order
00:04 Ziggurat
00:06 Altar of Darkness
00:12 Crypt
01:22 Ziggurat
02:44 Graveyard
04:09 Halls of the Dead
04:13 Ziggurat
04:32 Spirit Tower
05:00 Spirit Tower
05:01 Spirit Tower
05:13 Nerubian Tower
05:13 Nerubian Tower
07:29 Sacrificial Pit
07:50 Black Citadel
09:27 Crypt
09:38 Ziggurat
12:22 Ziggurat
RndMndRebnd (
pink | 51 APM | 2938 actions | 57:08)
7 Blademaster
3 Wind Walk
3 Critical Strike
1 Bladestorm
» actions
| Assign group hotkey | 140 | |
| Basic commands | 228 | |
| Build / train | 85 | |
| Enter build submenu | 61 | |
| Enter hero's abilities submenu | 7 | |
| Give item / drop item | 12 | |
| Remove unit from queue | 2 | |
| Right click | 1101 | |
| Select / deselect | 478 | |
| Select group hotkey | 651 | |
| Use ability | 173 | |
2938 total
» units
| Peon | 16 | |
| Grunt | 4 | |
| Wind Rider | 12 | |
| Troll Batrider | 8 | |
40 total
» upgrades
| Armor | 3 | |
| Ranged Weapons | 3 | |
| Reinforced Defenses | 1 | |
| Envenomed Spears | 1 | |
| Ensnare | 1 | |
| Pillage | 1 | |
10 total
» buildings
| Orc Burrow | 4 | |
| Altar of Storms | 1 | |
| Barracks | 1 | |
| Voodoo Lounge | 4 | |
| Stronghold | 1 | |
| War Mill | 2 | |
| Beastiary | 4 | |
| Fortress | 1 | |
| Watch Tower | 44 | |
| Great Hall | 5 | |
67 total
» build order
00:12 Orc Burrow
00:31 Orc Burrow
01:04 Altar of Storms
01:06 Barracks
01:37 Voodoo Lounge
02:49 Stronghold
04:40 War Mill
04:42 Orc Burrow
05:15 Beastiary
05:15 Beastiary
05:30 Orc Burrow
05:48 Fortress
12:12 Watch Tower
12:12 Watch Tower
12:13 Watch Tower
13:10 Great Hall
13:35 Watch Tower
13:35 Watch Tower
13:36 Watch Tower
13:36 Watch Tower
13:37 Watch Tower
14:00 Voodoo Lounge
14:47 Watch Tower
14:47 Watch Tower
14:48 Watch Tower
14:49 Watch Tower
14:51 Watch Tower
16:21 Beastiary
16:23 Beastiary
16:26 Watch Tower
16:26 Watch Tower
16:27 Watch Tower
16:27 Watch Tower
16:32 Watch Tower
16:32 Watch Tower
17:37 Great Hall
18:36 Watch Tower
18:37 Watch Tower
18:37 Watch Tower
18:38 Watch Tower
18:40 Watch Tower
18:40 Watch Tower
18:41 Watch Tower
18:41 Watch Tower
18:43 Watch Tower
18:44 Watch Tower
18:44 Watch Tower
18:49 Voodoo Lounge
19:07 War Mill
25:48 Watch Tower
25:48 Watch Tower
25:49 Watch Tower
25:50 Watch Tower
25:51 Voodoo Lounge
28:08 Watch Tower
28:09 Watch Tower
28:15 Watch Tower
28:17 Watch Tower
30:18 Watch Tower
30:18 Watch Tower
30:18 Watch Tower
30:18 Watch Tower
30:19 Watch Tower
30:20 Watch Tower
44:04 Great Hall
44:43 Great Hall
45:06 Great Hall
» items
| Healing Salve | 7 | |
| Scroll of Town Portal | 3 | |
| Orb of Lightning | 1 | |
| Periapt of Vitality | 2 | |
| Staff of Teleportation | 1 | |
| Tiny Great Hall | 3 | |
| Potion of Healing | 2 | |
| Potion of Lesser Invulnerability | 4 | |
23 total

»
DeFecto (
red | 78 APM | 3300 actions | 42:18)
9 Mountain King
3 Storm Bolt
3 Bash
1 Avatar
2 Thunder Clap
» actions
| Assign group hotkey | 33 | |
| Basic commands | 87 | |
| Build / train | 91 | |
| ESC pressed | 7 | |
| Enter build submenu | 34 | |
| Enter hero's abilities submenu | 9 | |
| Give item / drop item | 3 | |
| Remove unit from queue | 1 | |
| Right click | 1887 | |
| Select / deselect | 431 | |
| Select group hotkey | 622 | |
| Use ability | 95 | |
3300 total
» units
| Peasant | 12 | |
| Footman | 16 | |
| Spell Breaker | 5 | |
| Priest | 5 | |
| Sorceress | 5 | |
| Mortar Team | 3 | |
46 total
» upgrades
| Defend | 1 | |
| Masonry | 3 | |
| Swords | 3 | |
| Plating | 3 | |
| Lumber Harvesting | 1 | |
| Magic Sentry | 1 | |
| Sorceress Training | 2 | |
| Priest Training | 2 | |
| Control Magic | 1 | |
17 total
» buildings
| Altar of Kings | 1 | |
| Farm | 14 | |
| Barracks | 1 | |
| Scout Tower | 7 | |
| Arcane Tower | 1 | |
| Arcane Vault | 1 | |
| Lumber Mill | 1 | |
| Guard Tower | 4 | |
| Blacksmith | 1 | |
| Keep | 1 | |
| Arcane Sanctum | 3 | |
| Castle | 1 | |
| Workshop | 2 | |
| Town Hall | 2 | |
40 total
» build order
00:10 Altar of Kings
00:15 Farm
00:31 Barracks
00:48 Farm
01:38 Scout Tower
01:50 Farm
02:21 Arcane Tower
02:48 Farm
03:14 Farm
03:27 Arcane Vault
04:15 Scout Tower
04:18 Lumber Mill
04:54 Guard Tower
05:16 Blacksmith
05:21 Farm
05:22 Farm
06:52 Keep
09:18 Arcane Sanctum
09:21 Arcane Sanctum
09:25 Arcane Sanctum
09:31 Farm
09:33 Farm
13:32 Scout Tower
14:07 Scout Tower
14:08 Scout Tower
14:10 Scout Tower
14:13 Guard Tower
14:25 Scout Tower
14:51 Guard Tower
14:54 Guard Tower
16:32 Castle
22:30 Farm
22:31 Farm
22:32 Farm
22:33 Farm
22:38 Farm
23:15 Workshop
23:19 Workshop
23:52 Town Hall
25:04 Town Hall
» items
| Boots of Speed | 1 | |
| Circlet of Nobility | 1 | |
| Scroll of Regeneration | 3 | |
| Lesser Clarity Potion | 2 | |
| Dust of Appearance | 1 | |
| Potion of Lesser Invulnerability | 1 | |
9 total

»
anewusername (
yellow | 52 APM | 2965 actions | 57:07)
6 Death Knight
2 Death Coil
3 Unholy Aura
1 Animate Dead
5 Crypt Lord
2 Spiked Carapace
3 Impale
5 Naga Sea Witch
3 Frost Arrows
2 Forked Lightning
» actions
| Assign group hotkey | 133 | |
| Basic commands | 235 | |
| Build / train | 74 | |
| ESC pressed | 3 | |
| Enter build submenu | 21 | |
| Enter hero's abilities submenu | 16 | |
| Give item / drop item | 20 | |
| Right click | 1478 | |
| Select / deselect | 427 | |
| Select group hotkey | 438 | |
| Use ability | 120 | |
2965 total
» units
| Acolyte | 2 | |
| Ghoul | 5 | |
| Crypt Fiend | 9 | |
16 total
» upgrades
| Creature Attack | 3 | |
| Creature Carapace | 3 | |
| Web | 1 | |
7 total
» buildings
| Ziggurat | 7 | |
| Crypt | 1 | |
| Altar of Darkness | 1 | |
| Tomb of Relics | 1 | |
| Graveyard | 1 | |
| Halls of the Dead | 3 | |
| Black Citadel | 2 | |
| Spirit Tower | 5 | |
| Sacrificial Pit | 1 | |
| Boneyard | 2 | |
24 total
» build order
00:09 Ziggurat
00:11 Crypt
01:26 Altar of Darkness
01:32 Ziggurat
01:39 Tomb of Relics
02:30 Graveyard
03:12 Ziggurat
03:28 Ziggurat
05:19 Halls of the Dead
05:20 Halls of the Dead
05:20 Halls of the Dead
05:39 Ziggurat
07:51 Black Citadel
07:51 Black Citadel
14:11 Spirit Tower
14:12 Spirit Tower
14:12 Spirit Tower
14:14 Ziggurat
14:16 Ziggurat
14:20 Sacrificial Pit
15:22 Boneyard
16:31 Boneyard
19:29 Spirit Tower
19:30 Spirit Tower
» items
| Rod of Necromancy | 3 | |
| Periapt of Vitality | 5 | |
| Boots of Speed | 2 | |
| Scroll of Protection | 2 | |
| Orb of Corruption | 1 | |
| Scroll of Town Portal | 1 | |
| Potion of Healing | 1 | |
| Tiny Great Hall | 1 | |
| Scroll of Healing | 2 | |
| Circlet of Nobility | 1 | |
19 total
team 2 (loser)
AeroO_o (
teal | 73 APM | 1389 actions | 19:05)
3 Mountain King
2 Storm Bolt
1 Bash
2 Pandaren Brewmaster
1 Breath of Fire
1 Drunken Haze
» actions
| Assign group hotkey | 20 | |
| Basic commands | 160 | |
| Build / train | 49 | |
| ESC pressed | 1 | |
| Enter build submenu | 27 | |
| Enter hero's abilities submenu | 5 | |
| Give item / drop item | 1 | |
| Right click | 778 | |
| Select / deselect | 281 | |
| Select group hotkey | 14 | |
| Use ability | 53 | |
1389 total
» units
| Peasant | 9 | |
| Footman | 7 | |
| Giant Sea Turtle | 2 | |
| Gryphon Rider | 6 | |
24 total
» upgrades
| Swords | 2 | |
| Storm Hammers | 1 | |
| Lumber Harvesting | 2 | |
5 total
» buildings
| Barracks | 1 | |
| Farm | 11 | |
| Altar of Kings | 1 | |
| Scout Tower | 6 | |
| Arcane Tower | 2 | |
| Keep | 1 | |
| Lumber Mill | 1 | |
| Arcane Vault | 1 | |
| Blacksmith | 1 | |
| Castle | 1 | |
| Gryphon Aviary | 2 | |
| Guard Tower | 4 | |
32 total
» build order
00:13 Barracks
00:20 Farm
00:33 Altar of Kings
00:57 Farm
01:27 Scout Tower
01:41 Farm
02:05 Arcane Tower
02:23 Farm
02:49 Scout Tower
03:02 Farm
03:22 Arcane Tower
04:01 Keep
04:52 Lumber Mill
04:54 Arcane Vault
05:12 Farm
05:27 Blacksmith
05:52 Farm
07:00 Castle
07:10 Scout Tower
07:27 Gryphon Aviary
07:41 Guard Tower
07:51 Scout Tower
08:08 Gryphon Aviary
08:18 Guard Tower
08:23 Farm
08:40 Farm
09:30 Farm
09:48 Scout Tower
10:26 Scout Tower
11:13 Guard Tower
11:16 Guard Tower
12:08 Farm
» items
| Healing Salve | 1 | |
| Scroll of Regeneration | 1 | |
| Potion of Healing | 1 | |
| Potion of Lesser Invulnerability | 1 | |
4 total
GERALT.OFRIVIA (
blue | 67 APM | 3827 actions | 57:07)
10 Blademaster
3 Wind Walk
3 Critical Strike
1 Bladestorm
3 Mirror Image
» actions
| Assign group hotkey | 40 | |
| Basic commands | 94 | |
| Build / train | 103 | |
| Enter build submenu | 32 | |
| Enter hero's abilities submenu | 10 | |
| Give item / drop item | 8 | |
| Right click | 1637 | |
| Select / deselect | 432 | |
| Select group hotkey | 1114 | |
| Use ability | 357 | |
3827 total
» units
| Peon | 19 | |
| Troll Batrider | 17 | |
| Wind Rider | 3 | |
| Raider | 8 | |
47 total
» upgrades
| Ranged Weapons | 2 | |
| Reinforced Defenses | 1 | |
| Liquid Fire | 1 | |
| Armor | 2 | |
| Ensnare | 1 | |
| Melee Weapons | 2 | |
| Pillage | 1 | |
10 total
» buildings
| Altar of Storms | 1 | |
| Orc Burrow | 6 | |
| War Mill | 1 | |
| Voodoo Lounge | 2 | |
| Watch Tower | 37 | |
| Stronghold | 3 | |
| Fortress | 2 | |
| Beastiary | 5 | |
| Ancient Protector | 8 | |
| Great Hall | 1 | |
66 total
» build order
00:08 Altar of Storms
00:19 Orc Burrow
00:40 War Mill
01:07 Voodoo Lounge
01:57 Watch Tower
02:18 Watch Tower
02:57 Watch Tower
03:24 Stronghold
03:24 Stronghold
03:32 Orc Burrow
03:53 Watch Tower
04:00 Orc Burrow
04:01 Orc Burrow
04:02 Orc Burrow
05:15 Watch Tower
05:52 Fortress
05:52 Fortress
06:02 Beastiary
06:06 Beastiary
12:27 Watch Tower
12:28 Watch Tower
13:37 Orc Burrow
16:11 Beastiary
16:49 Watch Tower
16:50 Watch Tower
18:28 Watch Tower
18:28 Watch Tower
19:12 Watch Tower
19:12 Watch Tower
19:12 Watch Tower
20:22 Watch Tower
20:23 Watch Tower
21:12 Ancient Protector
21:13 Ancient Protector
21:13 Ancient Protector
21:14 Ancient Protector
21:15 Ancient Protector
21:15 Ancient Protector
21:16 Ancient Protector
21:16 Ancient Protector
22:18 Watch Tower
22:18 Watch Tower
22:20 Watch Tower
22:21 Watch Tower
22:22 Watch Tower
22:22 Watch Tower
38:33 Great Hall
40:19 Voodoo Lounge
42:18 Stronghold
42:22 Beastiary
42:26 Beastiary
46:35 Watch Tower
46:36 Watch Tower
46:36 Watch Tower
46:37 Watch Tower
46:37 Watch Tower
47:40 Watch Tower
47:41 Watch Tower
47:41 Watch Tower
47:41 Watch Tower
47:46 Watch Tower
54:51 Watch Tower
54:51 Watch Tower
54:52 Watch Tower
54:52 Watch Tower
54:52 Watch Tower
» items
| Healing Salve | 6 | |
| Lesser Clarity Potion | 6 | |
| Staff of Teleportation | 1 | |
| Orb of Lightning | 1 | |
| Potion of Invisibility | 1 | |
| Scroll of Town Portal | 4 | |
| Potion of Mana | 2 | |
| Potion of Lesser Invulnerability | 1 | |
| Potion of Healing | 1 | |
| Tiny Great Hall | 1 | |
| Dust of Appearance | 1 | |
25 total
Buy_Gold (
orange | 59 APM | 1154 actions | 19:30)
3 Blademaster
2 Wind Walk
1 Critical Strike
» actions
| Assign group hotkey | 27 | |
| Basic commands | 4 | |
| Build / train | 51 | |
| Enter build submenu | 23 | |
| Enter hero's abilities submenu | 3 | |
| Give item / drop item | 5 | |
| Right click | 677 | |
| Select / deselect | 236 | |
| Select group hotkey | 69 | |
| Use ability | 59 | |
1154 total
» units
| Peon | 8 | |
| Wind Rider | 4 | |
| Raider | 8 | |
| Kodo Beast | 1 | |
| Troll Batrider | 2 | |
| Tauren | 4 | |
| Spirit Walker | 2 | |
29 total
» upgrades
| Armor | 1 | |
| Ranged Weapons | 1 | |
| Ensnare | 1 | |
| Melee Weapons | 1 | |
| War Drums Damage Increase | 1 | |
| Pillage | 1 | |
| Reinforced Defenses | 1 | |
7 total
» buildings
| Altar of Storms | 1 | |
| Orc Burrow | 8 | |
| Voodoo Lounge | 1 | |
| War Mill | 2 | |
| Stronghold | 1 | |
| Watch Tower | 4 | |
| Beastiary | 3 | |
| Fortress | 1 | |
| Tauren Totem | 2 | |
| Spirit Lodge | 1 | |
24 total
» build order
00:14 Altar of Storms
00:18 Orc Burrow
00:58 Voodoo Lounge
01:24 War Mill
01:37 War Mill
02:13 Stronghold
02:40 Orc Burrow
03:20 Watch Tower
03:23 Watch Tower
03:35 Orc Burrow
04:55 Beastiary
04:59 Beastiary
05:03 Beastiary
07:14 Orc Burrow
09:19 Orc Burrow
09:21 Orc Burrow
09:24 Orc Burrow
10:05 Fortress
12:14 Orc Burrow
12:32 Tauren Totem
12:35 Tauren Totem
13:10 Spirit Lodge
17:21 Watch Tower
17:26 Watch Tower
» items
| Healing Salve | 1 | |
| Lesser Clarity Potion | 1 | |
| Periapt of Vitality | 1 | |
| Circlet of Nobility | 2 | |
| Potion of Healing | 2 | |
| Orb of Lightning | 1 | |
| Potion of Mana | 1 | |
9 total
Victorino24 (
green | 36 APM | 725 actions | 20:08)
4 Demon Hunter
2 Immolation
2 Evasion
1 Blademaster
1 Mirror Image
» actions
| Assign group hotkey | 12 | |
| Build / train | 50 | |
| Enter build submenu | 15 | |
| Enter hero's abilities submenu | 5 | |
| Remove unit from queue | 1 | |
| Right click | 296 | |
| Select / deselect | 172 | |
| Select group hotkey | 138 | |
| Use ability | 36 | |
725 total
» units
| Wisp | 12 | |
| Archer | 3 | |
| Huntress | 2 | |
| Hippogryph | 3 | |
| Chimaera | 7 | |
| Druid of the Claw | 3 | |
30 total
» upgrades
| Ultravision | 1 | |
| Strength of the Wild | 3 | |
| Reinforced Hides | 2 | |
| Corrosive Breath | 1 | |
| Druid of the Claw Training | 2 | |
| Mark of the Claw | 1 | |
10 total
» buildings
| Moon Well | 7 | |
| Altar of Elders | 1 | |
| Ancient of War | 1 | |
| Hunter's Hall | 1 | |
| Tree of Ages | 1 | |
| Tree of Eternity | 1 | |
| Ancient of Wind | 1 | |
| Chimaera Roost | 2 | |
| Ancient of Lore | 2 | |
17 total
» build order
00:29 Moon Well
00:35 Altar of Elders
01:24 Moon Well
01:46 Ancient of War
02:31 Hunter's Hall
02:38 Moon Well
03:37 Tree of Ages
06:03 Tree of Eternity
06:11 Moon Well
06:12 Moon Well
06:50 Ancient of Wind
08:30 Chimaera Roost
08:35 Chimaera Roost
12:33 Ancient of Lore
16:40 Ancient of Lore
18:06 Moon Well
18:11 Moon Well
» items
Chat log
(00:46 / All) AeroO_o: love the fire work outside
(00:49 / All) RndMndRebnd: Gordon Hayward = fool
(00:50 / All) GERALT.OFRIVIA: trick question- do other countries have a 4th of july
(01:03 / All) DeFecto: yes, but they dont celebrate it
(01:15 / All) giausJ: I use hacks cause blizz is gay and doesnt give a shit about this game
(01:23 / All) GERALT.OFRIVIA: im proud to be an american, trump is a great man
(01:26 / All) RndMndRebnd: 4th of july is our independence day
(01:35 / All) AeroO_o: how about canada
(01:46 / All) RndMndRebnd: canada was sad to leave britain
(01:54 / All) RndMndRebnd: they were sad because they like being cucks
(02:09 / All) giausJ: nice base teal
(02:10 / All) AeroO_o: oh no
(02:15 / All) giausJ: drop hacl
(02:19 / All) AeroO_o: nice hack
(02:20 / All) anewusername: /squelch giausj
(02:21 / All) giausJ: dont get mad at me
(02:23 / All) AeroO_o: gj
(02:23 / All) AeroO_o: fourth of july hooray
(02:55 / All) giausJ: the thing is blue, when teammates kill me
(03:01 / All) giausJ: it makes it easier for me to find games
(03:05 / All) giausJ: you cant win
(03:42 / All) GERALT.OFRIVIA: hayward sucks lawl
(03:48 / All) AeroO_o: why
(03:57 / All) AeroO_o: celtics suck ?
(04:13 / All) GERALT.OFRIVIA: well i think nba is shit anyways but small markets are dead in nba
(04:22 / All) RndMndRebnd: kevin love 2.0
(04:31 / All) giausJ: or teal drops
(04:32 / All) GERALT.OFRIVIA: warriors play 1 on 5 too
(04:33 / All) AeroO_o: shiit
(05:35 / All) giausJ: I see you
(06:09 / All) AeroO_o: why do people play so serious
(06:18 / All) GERALT.OFRIVIA: who u referring to
(06:22 / All) AeroO_o: red
(06:31 / All) DeFecto: im just a dude
(06:33 / All) GERALT.OFRIVIA: he blocked his base so i couldnt bm harass
(07:13 / All) RndMndRebnd: jesus fucking christ
(07:29 / All) DeFecto: yo bro you got that sweet 56k hook up?
(07:31 / All) RndMndRebnd: yah you got a connect for that sweet dial up?
(07:34 / All) DeFecto: or we talkin dial up
(07:40 / Allies) RndMndRebnd: let me get in on that super fresh dial up
(07:55 / All) RndMndRebnd: let me get in on that super fresh dial up feel me?
(08:25 / Allies) anewusername: lol
(08:26 / Allies) DeFecto: got it
(08:41 / All) AeroO_o: dam
(09:52 / All) giausJ: nice air orange
(09:59 / All) giausJ: thats why I go mass fiends to web
(11:27 / All) anewusername: WTF
(12:27 / Allies) RndMndRebnd: goild
(12:39 / Allies) anewusername: DID U GET THE ITEM?
(12:51 / Allies) DeFecto: yeh
(12:54 / Allies) DeFecto: u
(12:56 / Allies) DeFecto: want
(13:00 / Allies) RndMndRebnd: lumber
(13:02 / Allies) anewusername: no its
(13:03 / Allies) anewusername: ok
(13:08 / Allies) anewusername: just making sure a scummy bm didnt get it
(13:16 / Allies) DeFecto: nah i used ust to make sure
(13:36 / Allies) anewusername: can anyone give me the item
(13:39 / Allies) anewusername: drumo that we just got
(13:43 / Allies) anewusername: i think we have 3 drums
(14:55 / All) AeroO_o: dam gg
(15:01 / All) AeroO_o: We lost
(15:14 / Allies) DeFecto: see yall there
(15:57 / All) AeroO_o: lol
(16:13 / All) AeroO_o: red was good
(16:16 / All) AeroO_o: is good
(16:20 / All) DeFecto: :)
(16:28 / All) AeroO_o: i won five games with red
(16:31 / All) DeFecto: im nothing without my team
(17:17 / Allies) DeFecto: gold anyone?
(17:29 / Allies) DeFecto: ty
(17:39 / Allies) anewusername: aim main
(17:42 / All) GERALT.OFRIVIA: purp u out of acos?
(17:57 / Allies) DeFecto: purp can buy a tinty town hall from pink if he needs
(18:03 / Allies) giausJ: meh
(18:06 / All) AeroO_o: dont help me
(18:06 / Allies) giausJ: its fine
(18:09 / All) AeroO_o: kill me
(18:10 / Allies) giausJ: im drinking a beer
(18:10 / All) AeroO_o: man
(18:11 / Allies) giausJ: anyway
(18:15 / All) AeroO_o: kill me!
(18:15 / Allies) anewusername: move on
(20:01 / All) giausJ: bats are literally the gayest thing
(20:08 / Allies) anewusername: fucker
(20:09 / Allies) anewusername: is
(20:13 / Allies) anewusername: stealing acolyte
(20:18 / All) GERALT.OFRIVIA: noob uds
(21:36 / All) GERALT.OFRIVIA: nubs
(21:41 / Allies) anewusername: get tanks
(21:42 / Allies) anewusername: plz
(21:48 / Allies) anewusername: stop casters
(21:50 / Allies) anewusername: just
(22:11 / All) GERALT.OFRIVIA: gj idiot
(22:36 / Allies) anewusername: human
(22:37 / Allies) anewusername: u gotta get
(22:39 / Allies) anewusername: morters
(22:44 / All) GERALT.OFRIVIA: i did best i could, took out 2 ud players halls/acos with one hero
(22:46 / Allies) DeFecto: i have no gold
(22:54 / All) giausJ: blue your terrible
(22:57 / Allies) giausJ: Go home
(23:01 / All) giausJ: go home
(23:09 / Allies) anewusername: heal me
(23:10 / Allies) anewusername: purp
(23:12 / All) GERALT.OFRIVIA: pretty sure im pro
(23:20 / All) giausJ: pretty sure your gay
(23:37 / Allies) DeFecto: leave it
(23:39 / Allies) DeFecto: kill off green
(23:43 / Allies) DeFecto: ill get mortars
(24:04 / Allies) anewusername: HWSL Me
(24:07 / Allies) anewusername: idoot
(24:12 / Allies) anewusername: who tped on me]
(24:21 / All) GERALT.OFRIVIA: well done yellow
(24:23 / All) GERALT.OFRIVIA: dumb nub
(24:29 / Allies) anewusername: PINK TELEPORTED ON ME
(24:39 / Allies) RndMndRebnd: what did I do?
(24:43 / Allies) anewusername: lol
(24:45 / Allies) anewusername: u tped on me
(24:48 / Allies) anewusername: and blocked my hero
(24:48 / Allies) giausJ: help m,e pink
(24:48 / Allies) RndMndRebnd: erm no
(24:49 / Allies) anewusername: from running
(24:52 / Allies) anewusername: yes
(24:54 / Allies) giausJ: yellow is trying to kill me
(25:20 / Allies) DeFecto: donate gold anyone?
(25:32 / Allies) anewusername: can i have 400 gold
(25:33 / Allies) anewusername: for hero
(25:48 / All) GERALT.OFRIVIA: lawl
(25:49 / Allies) anewusername: 200 gold
(25:51 / All) GERALT.OFRIVIA: perfect
(25:52 / Allies) anewusername: for hero
(26:02 / All) GERALT.OFRIVIA: they go right to expo when i do
(26:15 / Allies) anewusername: gu0ys?
(26:18 / Allies) anewusername: some golf dor ehgero
(26:48 / All) GERALT.OFRIVIA: fountian
(26:57 / Allies) DeFecto: purp what are you doing
(27:03 / All) giausJ: you attacked me
(27:06 / Allies) DeFecto: what?
(27:07 / Allies) DeFecto: how
(27:17 / All) giausJ: while pink was afk
(27:28 / Allies) DeFecto: we lose now
(27:29 / Allies) DeFecto: lmao
(27:31 / Allies) anewusername: pink
(27:33 / Allies) anewusername: give me gold
(27:38 / Allies) DeFecto: also wtf
(27:41 / Allies) DeFecto: i never attacked you
(27:52 / All) giausJ: well you might have
(27:55 / Allies) DeFecto: watch the replay
(27:56 / All) giausJ: never can be too sure
(28:12 / Allies) anewusername: ha
(28:16 / Allies) anewusername: purp wanted to kill ur base
(28:17 / Allies) anewusername: red
(28:26 / Allies) giausJ: thats a lie yellow
(28:29 / Allies) giausJ: you bastard
(28:36 / Allies) anewusername: pink
(28:39 / Allies) anewusername: why are u fucking around
(28:41 / Allies) anewusername: u bitch
(28:42 / Allies) anewusername: give me gold
(28:45 / Allies) anewusername: i can finish this
(28:56 / All) GERALT.OFRIVIA: red went right to the expo
(29:04 / All) GERALT.OFRIVIA: when i went there
(29:12 / All) DeFecto: you were exposed on minimap breh
(29:57 / Allies) RndMndRebnd: lumber please
(30:02 / Allies) anewusername: lol
(30:04 / Allies) anewusername: i got 5 k gold
(30:06 / Allies) anewusername: u give me gold
(30:08 / Allies) anewusername: i giveu wood
(30:51 / All) giausJ: you got me
(30:55 / All) giausJ: you blue bastard
(31:25 / All) giausJ: well time to go afk
(31:56 / Allies) anewusername: geez
(31:56 / All) GERALT.OFRIVIA: nubs
(31:57 / Allies) anewusername: no repair
(31:58 / Allies) anewusername: nothiung?
(32:03 / Allies) DeFecto: can i have gold pink
(32:12 / Allies) RndMndRebnd: I thought you had expo
(32:18 / Allies) DeFecto: nope
(32:21 / Allies) DeFecto: blue keeps killing it
(32:22 / Allies) RndMndRebnd: wtf
(32:23 / Allies) anewusername: i dont get why ur building more casters red
(32:27 / Allies) DeFecto: im not
(32:29 / Allies) DeFecto: look at my base man
(32:36 / Allies) DeFecto: ive always had these
(32:44 / All) GERALT.OFRIVIA: can u guys plz leave
(32:48 / All) GERALT.OFRIVIA: im bored of owning u
(33:29 / Allies) anewusername: red
(33:31 / Allies) anewusername: give me ur gold
(33:32 / Allies) anewusername: i get hero
(33:34 / Allies) anewusername: we try to kill him
(33:46 / Allies) anewusername: red?
(33:49 / All) anewusername: tats it>
(33:50 / Allies) anewusername: ?
(33:54 / Allies) DeFecto: yup
(34:00 / Allies) anewusername: ppink
(34:03 / Allies) anewusername: u really gonna not give?
(34:25 / All) GERALT.OFRIVIA: time to wrap this show up
(34:38 / All) giausJ: god bless you pink
(34:43 / All) giausJ: you are doing gods work
(35:05 / Allies) anewusername: pink is tking u
(35:12 / Allies) giausJ: of course he is
(35:22 / Allies) giausJ: we lose this game you seer
(35:25 / Allies) DeFecto: finish it yellow
(35:28 / Allies) giausJ: its part of the masters plan
(35:33 / Allies) DeFecto: kill his altar
(35:42 / Allies) anewusername: pink is comming to kill me
(35:49 / Allies) DeFecto: dude
(35:51 / Allies) giausJ: we will lose
(35:57 / Allies) giausJ: pink will make sure of it
(36:03 / All) GERALT.OFRIVIA: noobs
(36:14 / All) giausJ: i dont think you get it blue
(36:16 / All) GERALT.OFRIVIA: leave
(36:17 / All) GERALT.OFRIVIA: noobs
(36:22 / All) giausJ: me and pink have been on your side the whole game
(36:31 / Allies) DeFecto: yea too bad
(36:42 / All) giausJ: your not pro
(36:47 / All) giausJ: you just had tkers
(36:49 / All) GERALT.OFRIVIA: leave plz
(36:50 / All) GERALT.OFRIVIA: nub
(36:52 / All) GERALT.OFRIVIA: me > u
(36:58 / All) giausJ: lol ok bro
(37:02 / All) GERALT.OFRIVIA: out
(37:26 / Allies) giausJ: anywho
(37:28 / Allies) giausJ: was fun
(37:30 / All) giausJ: gg
(37:56 / All) GERALT.OFRIVIA: out red
(37:58 / All) GERALT.OFRIVIA: out yellow
(38:02 / All) RndMndRebnd: top right open
(38:21 / All) RndMndRebnd: kill red and yellow base
(40:04 / All) GERALT.OFRIVIA: bet u feel like a nub red
(40:11 / All) RndMndRebnd: red cost us the game
(40:13 / All) RndMndRebnd: kept losing his expo
(40:25 / All) GERALT.OFRIVIA: he wasnt very good
(40:58 / All) GERALT.OFRIVIA: how does it feel, red, to be made someone's bitch
(41:26 / All) GERALT.OFRIVIA: please get cyberpunk 2077 when it comes out, the GOAT rpg
(41:44 / All) GERALT.OFRIVIA: in cd project red we trust
(41:46 / All) RndMndRebnd: yellow was newb kept losing his heros
(41:52 / All) RndMndRebnd: how you lose dk so many times?
(41:58 / All) GERALT.OFRIVIA: i made him tp with one hero
(42:31 / All) RndMndRebnd: You need a new new username
(42:34 / All) GERALT.OFRIVIA: out plz yellow
(43:40 / All) RndMndRebnd: you gonna make a NEW new username after game yellow?
(43:43 / All) RndMndRebnd: you need one
(44:12 / All) GERALT.OFRIVIA: is he talking
(44:16 / All) RndMndRebnd: he's here
(44:19 / All) RndMndRebnd: he attacked me wth ghoul
(48:02 / All) GERALT.OFRIVIA: hey yellow
(48:10 / All) RndMndRebnd: here's here
(48:13 / All) GERALT.OFRIVIA: suck my 8=====D
(48:13 / All) RndMndRebnd: he's
(48:16 / All) RndMndRebnd: he probably clicking on my bm
(48:38 / All) RndMndRebnd: I'll give him control of my bm
(48:41 / All) RndMndRebnd: let's see what he's capable of
(48:54 / All) RndMndRebnd: already had it clicked lol
(49:11 / All) GERALT.OFRIVIA: yellow we'll let u win if u say "cyberpunk 2077 is king"
(49:51 / All) RndMndRebnd: this is all yellow he's taking you to pound town
(52:12 / All) RndMndRebnd: Defend it with ur life yellow, it's all we have left
(52:52 / Allies) anewusername: i canmt buoild u didito
(53:47 / All) RndMndRebnd: c'mon man you got 16k let's get it odne
(54:03 / Allies) anewusername: leave
(54:05 / Allies) anewusername: then i can build
(54:07 / Allies) anewusername: dump fuck
(54:09 / All) RndMndRebnd: if I leave I don't get win
(54:20 / Allies) anewusername: do u know i cant build anything from ur buioding?
(54:22 / Allies) anewusername: retar
(54:26 / All) RndMndRebnd: yes u can I gave control
(54:32 / Allies) anewusername: lool
(54:34 / Allies) anewusername: idiot
(54:38 / Allies) anewusername: uninstal
(54:46 / All) RndMndRebnd: yellow is purposefully tanking saying he can't build iwth me
(54:48 / All) RndMndRebnd: I gave control
(55:04 / Allies) RndMndRebnd: cmon dude this is sad, I gave u like 20k let's win please
(55:08 / All) GERALT.OFRIVIA: yellow how does it feel to suck at wc3
(55:36 / All) RndMndRebnd: he attacking wrong one whole time what a nub!
(55:41 / Allies) RndMndRebnd: DISGRACE
(55:47 / All) RndMndRebnd: Jubei was in his hands!
(56:03 / Allies) RndMndRebnd: you have doomed us
(56:25 / All) RndMndRebnd: gg yellow is a disgrace
(56:27 / All) RndMndRebnd: noob team
(56:35 / All) RndMndRebnd: I wnat icon keep getting stuck with nubs